 Dungeon Crawl Stone Soup version 0.32-a0-933-ga8fa3634e4 (webtiles) character file.

Game seed: 6671226237941878319

132 GiantSquids the Apothecary (level 5, -1/31 HPs)
             Began as an Octopode Alchemist on Apr 15, 2024.
             Slain by a human zombie (7 damage)
             ... in an ossuary.
             The game lasted 00:07:48 (2493 turns).

GiantSquids the Apothecary (Octopode Alchemist)     Turns: 2493, Time: 00:07:48

Health: -1/31      AC:  1    Str:  7    XL:     5   Next: 15%
Magic:  9/9        EV: 12    Int: 19    God:
Gold:   168        SH:  0    Dex: 13    Spells: 8/9 levels left

rFire   . . .        l - +0 whip (venom)
rCold   + . .        (no shield)
rNeg    . . .        (helmet restricted)
rPois   .            (no amulet)
rElec   .            g - ring of flight
rCorr   .            v - ring of protection from cold
SInv    .            (no ring)
Will    .....        (no ring)
Stlth   ++++         (no ring)
HPRegen 0.25/turn    (no ring)
MPRegen 0.11/turn    (no ring)
                     (no ring)

%: no passive effects
@: flying
A: almost no armour, amphibious, 8 rings, camouflage 1, gelatinous body 1,
(nimble swimmer 1), tentacles
a: no special abilities


You were in an ossuary.
You visited 1 branch of the dungeon, and saw 4 of its levels.
You also visited: Ossuary.

You collected 168 gold pieces.

Inventory:

Hand Weapons
 l - a +0 whip of venom (weapon)
Missiles
 c - 3 curare-tipped darts
 j - 4 atropa-tipped darts
 u - 11 poisoned darts
Jewellery
 g - a ring of flight (left tentacle)
 i - an amulet of faith
 v - a ring of protection from cold (right tentacle)
Wands
 n - a wand of warping (13)
Scrolls
 b - a scroll of poison {unknown}
 d - a scroll of immolation {unknown}
 e - a scroll of enchant armour {unknown}
 h - a scroll of noise {unknown}
 k - a scroll of amnesia {unknown}
 m - a scroll of fear {unknown}
 p - a scroll of brand weapon {unknown}
 s - a scroll of enchant weapon {unknown}
 t - a scroll of vulnerability {unknown}
Potions
 a - a potion of magic
 f - a potion of attraction {unknown}
 o - 2 potions of mutation {unknown}
 q - a potion of heal wounds {unknown}
 r - a potion of degeneration {unknown}


   Skills:
 - Level 2.0 Dodging
 + Level 4.3 Stealth
 + Level 2.8 Spellcasting
 - Level 1.0 Conjurations
 * Level 5.0 Alchemy


You had 8 spell levels left.
You knew the following spells:

 Your Spells              Type           Power      Damage    Failure   Level
a - Sting                 Conj/Alch      56%        1d6       4%          1

Your spell library contained the following spells:

 Spells                   Type           Power      Damage    Failure   Level
 Mercury Vapours          Alch/Air       24%        N/A       9%          2
 Cigotuvi's Dreadful Rot  Necr/Alch/Air  18%        N/A       12%         2
 Sandblast                Erth           4%         2d4       16%         1
 Mephitic Cloud           Conj/Alch/Air  10%        N/A       21%         3
 Olgreb's Toxic Radiance  Alch           21%        N/A       21%         4
 Ensorcelled Hibernation  Hex/Ice        4%         N/A       24%         2
 Fugue of the Fallen      Necr           2%         N/A       43%         3
 Sigil of Binding         Hex            2%         N/A       43%         3
 Sticky Flame             Fire/Alch      12%        2d5       50%         4
 Anguish                  Hex/Necr       1%         N/A       83%         4
 Dispel Undead            Necr           2%         3d7       83%         4
 Martyr's Knell           Necr/Summ      2%         N/A       83%         4
 Lee's Rapid Deconstruct  Erth           1%         3d4*      99%         5


Dungeon Overview and Level Annotations

Branches:
Dungeon (4/15)            Ossuary (1/1)
 Temple: D:4-7

Altars:

Shops:
D:2 [


Innate Abilities, Weirdness & Mutations

You cannot wear most types of armour.
You are amphibious.
You can wear up to eight rings at the same time.
Your skin changes colour to match your surroundings (Stealth+).
Your rubbery body absorbs attacks. (AC +1, EV +1)
((You are camouflaged when in or above water. (Stealth+)))
You have tentacles for arms and can constrict up to eight enemies at once.


Message History

There is an empty arch of ancient stone here.
v - a ring of protection from cold (right tentacle)
You hit the gnoll zombie. You grab the gnoll zombie.
You squeeze the gnoll zombie.
The gnoll zombie is moderately damaged.
You constrict the gnoll zombie. You hit the gnoll zombie.
The gnoll zombie is almost destroyed.
You constrict the gnoll zombie.
You destroy the gnoll zombie!
You hit the kobold zombie but do no damage.
Your grab misses the kobold zombie. The kobold zombie barely misses you.
The hound zombie misses you.
You closely miss the kobold zombie. You grab the kobold zombie.
You squeeze the kobold zombie!
You destroy the kobold zombie!
The hound zombie misses you.
The goblin zombie completely misses you.
You hit the goblin zombie. Your grab misses the goblin zombie.
The goblin zombie is heavily damaged.
The hound zombie barely misses you. The goblin zombie closely misses you.
The goblin zombie hits you. The hound zombie bites you.
You barely miss the goblin zombie. You grab the goblin zombie.
You constrict the goblin zombie. The hound zombie bites you.
The rat zombie closely misses you. The goblin zombie hits you.
The goblin zombie barely misses you.
You hit the rat zombie. You grab the rat zombie. You squeeze the rat zombie.
You destroy the rat zombie!
You constrict the goblin zombie. The hound zombie closely misses you.
The human zombie hits you. x2
The goblin zombie hits you but does no damage.
The goblin zombie hits you. The hound zombie bites you.
You closely miss the hound zombie. You grab the hound zombie.
You constrict the goblin zombie.
You destroy the goblin zombie!
You constrict the hound zombie. The hound zombie bites you.
The goblin zombie barely misses you. The human zombie hits you.
* * * LOW HITPOINT WARNING * * *
The human zombie hits you!
You die...

...............#
...............##
.................
.................
............Z....
.................
.......∩∩........
........ZZZ......
.......ZZ@.......
..Z.....Z........
...............##
...............#
.................
.................
....#####.......
... .......


You could see 2 hound zombies, 2 goblin zombies, a hobgoblin zombie (dormant),
an elf zombie and 2 human zombies.

Vanquished Creatures
  Jessica (D:3)
  Robin (D:3)
  4 adders
  3 dart slugs
  2 ball pythons
  3 endoplasms
  2 giant cockroaches (D:1)
  14 goblins
  4 hobgoblins
  5 kobolds
  A quokka (D:1)
  A bat (D:3)
  4 frilled lizards
  A gnoll zombie (Ossuary)
  A goblin zombie (Ossuary)
  A kobold zombie (Ossuary)
  7 rats
  A rat zombie (Ossuary)
56 creatures vanquished.

Notes
Turn   | Place    | Note
-------+----------+-------------------------------------------
     0 | D:1      | GiantSquids the Octopode Alchemist began the quest for the
                  | Orb.
     0 | D:1      | Reached XP level 1. HP: 11/11 MP: 3/3
   332 | D:1      | Reached XP level 2. HP: 17/17 MP: 3/5
   830 | D:2      | Reached XP level 3. HP: 21/21 MP: 4/6
   948 | D:2      | Reached skill level 4 in Alchemy
  1190 | D:2      | Found a faded altar of an unknown god.
  1458 | D:2      | Found Pokir's Armour Emporium.
  1682 | D:3      | Got Ziuph's Vellum of Gritty Doom
  1738 | D:3      | Noticed Jessica
  1740 | D:3      | Killed Jessica
  1741 | D:3      | Reached XP level 4. HP: 27/27 MP: 4/7
  1860 | D:3      | Noticed Robin
  1863 | D:3      | Killed Robin
  2014 | D:3      | Reached XP level 5. HP: 27/31 MP: 7/9
  2449 | D:4      | Reached skill level 5 in Alchemy
  2467 | D:4      | Found a sand-covered staircase.
  2482 | Ossuary  | Entered an ossuary
  2493 | Ossuary  | Slain by a human zombie

Illustrated notes

Levels and vault maps discovered:
D:1:      scummos_arrival_hexagon, layout_loops_cross
D:2:      layout_loops_cross, serial_shops, nicolae_shop_hallway_plus,
          shapermc_ecumenical_altar_petra, corner_web_ring
D:3:      layout_loops_ring, uniq_jessica, uniq_robin
D:4:      layout_loops_ring, kennysheep_little_box, lemuel_crystal_altar,
          mainiacjoe_overflow_two_lobes, enter_ossuary_1,
          gammafunk_ghost_necromancy
Ossuary:  ossuary_minmay_tomb_2a

Skill      XL: |  1  2  3  4  5 |
---------------+----------------+-----
Stealth        | 3 4 |  4.3
Alchemy        | 4 5 |  5.0
Dodging        | |  2.0
Spellcasting   | |  2.8
Conjurations   | |  1.0

Action                     |  1- 3 |  4- 6 || total
---------------------------+-------+-------++-------
  Melee: Unarmed           |    20 |       ||    20
         Constrict         |     4 |    13 ||    17
         Tentacles         |     4 |     9 ||    13
         Punch             |     1 |       ||     1
         Whip              |     5 |    30 ||    35
   Cast: Sting             |    35 |    11 ||    46
   Stab: Sleeping          |     1 |     2 ||     3
 Armour: Skin              |     4 |    21 ||    25
  Dodge: Dodged            |    10 |    19 ||    29

Table legend: (Time is in decaauts)
 A = Elapsed time spent in this place.
 B = Non-inter-level travel time spent in this place.
 C = Inter-level travel time spent in this place.
 D = Time resting spent in this place.
 E = Time spent auto-exploring this place.
 F = Levels seen in this place.
 G = Mean time per level.
                   A        B        C        D        E       F      G
               +--------+--------+--------+--------+--------+-----+--------+
         Total |   2493 |   2390 |    103 |      3 |   2017 |   5 |  498.6 |
       Dungeon |   2482 |   2379 |    103 |      3 |   2017 |   4 |  620.5 |
       Ossuary |     11 |     11 |      0 |      0 |      0 |   1 |   11.0 |
               +--------+--------+--------+--------+--------+-----+--------+

Top non-repeatable levels by time:
     D:3: 914 daAuts
     D:1: 811 daAuts
     D:2: 717 daAuts
     D:4: 39 daAuts
 Ossuary: 11 daAuts
